 Dungeon Crawl Stone Soup version 0.24-a0-762-gca426f5 (webtiles) character file.

Game seed: 7992073022424318111, levelgen mode: deterministic

2312 slphil the Skirmisher (level 9, 0/74 HPs)
             Began as a Gnoll Wanderer on Oct 4, 2019.
             Was a Believer of Okawaru.
             Slain by Harold
             ... wielding a +0 glaive of chopping
              (4 damage)
             ... on level 7 of the Dungeon.
             The game lasted 00:16:39 (7039 turns).

slphil the Skirmisher (Gnoll Wanderer)              Turns: 7039, Time: 00:16:39

Health: 0/74       AC: 13    Str: 12    XL:     9   Next: 41%
Magic:  0/15       EV: 11    Int: 22    God:    Okawaru [**....]
Gold:   478        SH:  0    Dex: 16    Spells: 16/16 levels left

rFire    . . .     SeeInvis .   a - +2 dagger (venom)
rCold    . . .     Gourm    .   (no shield)
rNeg     . . .     Faith    .   D - +1 scale mail {rPois}
rPois    +         Spirit   +   L - +2 hat {Int+3}
rElec    .         Reflect  .   (no cloak)
rCorr    .         Harm     .   (no gloves)
MR       +....                  (no boots)
Stlth    +.........             f - amulet of guardian spirit
HPRegen  0.22/turn              z - ring of protection from magic
MPRegen  0.14/turn              B - +3 ring of protection

@: lightly drained
A: distributed training, fangs 1, strong nose
a: Heroism, Renounce Religion


You were on level 7 of the Dungeon.
You worshipped Okawaru.
Okawaru was pleased with you.
You were not hungry.

You visited 2 branches of the dungeon, and saw 8 of its levels.

You collected 478 gold pieces.

Inventory:

Hand Weapons
 a - a +2 dagger of venom (weapon)
 b - a +0 shortbow
 h - the +1 flail of Haahacic {pain, SInv}
   (You found it on level 7 of the Dungeon)

   In the hands of one skilled in necromantic magic, it inflicts extra damage on
   living creatures.
   It lets you see invisible.
 F - a +0 short sword
Missiles
 G - 114 arrows
 H - 9 boomerangs (quivered)
 I - 7 poisoned darts
Armour
 i - a +2 scale mail
 s - a +0 helmet
 D - a +1 scale mail of poison resistance (worn)
 L - a +2 hat of intelligence (worn)
Jewellery
 f - an amulet of guardian spirit (around neck)
 j - an uncursed amulet of magic regeneration
 v - an uncursed ring of ice
 z - a ring of protection from magic (left hand)
 B - a +3 ring of protection (right hand)
Wands
 u - a wand of flame (7)
Scrolls
 c - 2 scrolls of teleportation
 e - a scroll of immolation {unknown}
 g - 4 scrolls of identify
 k - 2 scrolls of fear {unknown}
 m - a scroll of blinking {unknown}
 n - 2 scrolls of amnesia {unknown}
 o - 5 scrolls of remove curse
 p - 4 scrolls of enchant armour {unknown}
 q - a scroll of enchant weapon {unknown}
 r - 2 scrolls of noise {unknown}
 t - 3 scrolls of magic mapping {unknown}
 y - a scroll of random uselessness {unknown}
Potions
 l - 3 potions of haste
 w - 2 potions of invisibility {unknown}
 x - 3 potions of curing {unknown}
 A - 2 potions of resistance {unknown}
 C - 2 potions of heal wounds {unknown}
 E - a potion of mutation {unknown}
 J - a potion of lignification {unknown}
Comestibles
 d - 11 rations


   Skills:
 + Level 7.8 Fighting
 + Level 6.2 Short Blades
 + Level 4.1 Long Blades
 + Level 4.1 Axes
 + Level 4.1 Maces & Flails
 + Level 4.1 Polearms
 + Level 4.1 Staves
 + Level 4.1 Slings
 + Level 4.9 Bows
 + Level 4.1 Crossbows
 + Level 4.1 Throwing
 + Level 4.9 Armour
 + Level 4.9 Dodging
 + Level 4.1 Stealth
 + Level 4.9 Shields
 + Level 4.1 Unarmed Combat
 + Level 4.1 Spellcasting
 + Level 3.4(3.3) Conjurations
 + Level 3.4(3.3) Hexes
 + Level 3.4(3.3) Charms
 + Level 3.4(3.3) Summonings
 + Level 3.4(3.3) Necromancy
 + Level 3.4(3.3) Translocations
 + Level 3.4(3.3) Transmutations
 + Level 3.4(3.3) Fire Magic
 + Level 3.4(3.3) Ice Magic
 + Level 3.4(3.3) Air Magic
 + Level 3.4(3.3) Earth Magic
 + Level 3.4(3.3) Poison Magic
 + Level 4.5 Invocations
 + Level 4.9 Evocations


You had 16 spell levels left.
You didn't know any spells.
Your spell library was empty.

Dungeon Overview and Level Annotations

Branches:
Dungeon (7/15)             Temple (1/1) D:5

Altars:
Ashenzari
Cheibriados
Dithmenos
Elyvilon
Fedhas
Gozag
Hepliaklqana
Kikubaaqudgha
Makhleb
Nemelex Xobeh
Okawaru
Qazlal
Ru
Sif Muna
Trog
Uskayaw
Vehumet
Wu Jian
Xom
Yredelemnul
Zin
The Shining One

Shops:
D:4 (

Annotations:
D:7 Harold


Innate Abilities, Weirdness & Mutations

Your experience applies equally to all skills.
You have very sharp teeth.
Your uncanny sense of smell can sniff out nearby items.


Message History

All of the chunks of flesh in your inventory have rotted away.
You hit Harold but do no damage.
Harold looks as sick as possible!
Harold is lightly wounded.
Harold completely misses you.
You hit Harold but do no damage.
Harold looks as sick as possible!
Harold is lightly wounded.
You hit Harold but do no damage.
Harold looks as sick as possible!
Harold is lightly wounded.
Harold hits you with a +0 glaive of chopping!
* * * LOW HITPOINT WARNING * * *
x2 You hit Harold.
Harold looks as sick as possible!
Harold is lightly wounded.
You hit Harold.
Harold looks as sick as possible!
Harold is lightly wounded.
Harold closely misses you.
You hit Harold but do no damage.
Harold looks as sick as possible!
Harold is lightly wounded.
Harold hits you with a +0 glaive of chopping!
* * * LOW HITPOINT WARNING * * *
You die...

.........####.##...#
###.....####.###..# .
###...##§....#..# .#
##...#.....#..# ..##
#......_.....#
....######...#.....#..##
...........###°.).☼#...##
...........#
###.###....##
..........## #@##..##..##
..........# #(@..#####.#
..........# ###..# ###
..........# #..##
..........## ##..# ###
...........## ##..## #.#
............###...# ##.#
.............#....# ##.##
.......@.........## ##..#


You could see Harold.

Vanquished Creatures
  Sigmund (D:5)
  A phantom (D:4)
  Duvessa (D:7)
  An orc warrior (D:6)
  5 ogres
  2 centaurs
  A crocodile (D:7)
  A big kobold (D:6)
  2 bullfrogs
  Dowan (D:7)
  A scorpion (D:7)
  4 wights
  A howler monkey (D:4)
  2 vampire bats (D:5)
  A bullfrog zombie (D:6)
  2 crimson imps
  A quasit (D:7)
  2 hounds (D:5)
  A jelly (D:6)
  2 orc priests
  A bullfrog skeleton (D:6)
  2 orc wizards
  2 worker ants
  2 worker ant zombies
  5 adders
  A gnoll (D:6)
  A howler monkey skeleton (D:3)
  3 oozes
  An adder zombie (D:6)
  2 worms (D:3)
  4 dart slugs (D:1)
  4 leopard geckos
  24 orcs
  2 bat skeletons (D:5)
  3 bat zombies (D:5)
  6 giant cockroaches
  8 goblins
  6 hobgoblins
  4 jackals (D:3)
  18 kobolds
  2 quokkas
  8 bats
  8 frilled lizards
  A quokka skeleton (D:6)
  9 rats
160 creatures vanquished.

Notes
Turn   | Place    | Note
-------+----------+-------------------------------------------
     0 | D:1      | slphil the Gnoll Wanderer began the quest for the Orb.
     0 | D:1      | slphil set off with the following items: a +0 short sword,
                  | a +2 scale mail, a scroll of teleportation, a ration
     0 | D:1      | Reached XP level 1. HP: 23/23 MP: 2/2
   183 | D:1      | Reached XP level 2. HP: 29/29 MP: 3/3
   391 | D:1      | Reached XP level 3. HP: 35/35 MP: 4/4
   696 | D:2      | Reached skill level 1 in Invocations
   824 | D:2      | Reached skill level 1 in Long Blades
   824 | D:2      | Reached skill level 1 in Axes
   824 | D:2      | Reached skill level 1 in Maces & Flails
   824 | D:2      | Reached skill level 1 in Polearms
   824 | D:2      | Reached skill level 1 in Staves
   824 | D:2      | Reached skill level 1 in Slings
   824 | D:2      | Reached skill level 1 in Crossbows
   824 | D:2      | Reached skill level 1 in Throwing
   824 | D:2      | Reached skill level 1 in Stealth
   824 | D:2      | Reached skill level 1 in Unarmed Combat
   824 | D:2      | Reached skill level 1 in Spellcasting
   956 | D:2      | Reached XP level 4. HP: 41/41 MP: 6/6
  1287 | D:2      | You fall into a shaft and drop 1 floor!
  1476 | D:3      | Found a bloodstained altar of Trog.
  1480 | D:3      | Reached skill level 1 in Conjurations
  1480 | D:3      | Reached skill level 1 in Hexes
  1480 | D:3      | Reached skill level 1 in Charms
  1480 | D:3      | Reached skill level 1 in Summonings
  1480 | D:3      | Reached skill level 1 in Necromancy
  1480 | D:3      | Reached skill level 1 in Translocations
  1480 | D:3      | Reached skill level 1 in Transmutations
  1480 | D:3      | Reached skill level 1 in Fire Magic
  1480 | D:3      | Reached skill level 1 in Ice Magic
  1480 | D:3      | Reached skill level 1 in Air Magic
  1480 | D:3      | Reached skill level 1 in Earth Magic
  1480 | D:3      | Reached skill level 1 in Poison Magic
  1871 | D:3      | Reached XP level 5. HP: 47/47 MP: 7/7
  2296 | D:4      | Found Luron's Antique Weapon Shoppe.
  2389 | D:4      | Reached XP level 6. HP: 53/53 MP: 8/8
  2389 | D:4      | Noticed a phantom
  2458 | D:4      | Killed a phantom
  2458 | D:4      | Reached skill level 5 in Short Blades
  2959 | D:5      | Entered Level 5 of the Dungeon
  2976 | D:5      | Found a staircase to the Ecumenical Temple.
  2987 | Temple   | Entered the Ecumenical Temple
  3102 | Temple   | Became a worshipper of Warmaster Okawaru
  3172 | D:5      | Noticed Sigmund
  3183 | D:5      | Killed Sigmund
  3183 | D:5      | Reached skill level 7 in Fighting
  3183 | D:5      | Reached XP level 7. HP: 43/60 MP: 6/10
  3451 | D:5      | Found an ancient bone altar of Kikubaaqudgha.
  3535 | D:5      | Reached * piety under Okawaru
  4026 | D:5      | Reached XP level 8. HP: 67/67 MP: 12/12
  4298 | D:6      | Found a basalt altar of Yredelemnul.
  4298 | D:6      | Found a sacrificial altar of Ru.
  4503 | D:6      | Found an iron altar of Okawaru.
  4769 | D:6      | Reached ** piety under Okawaru
  5650 | D:7      | Got a steaming flail
  5656 | D:7      | Identified the cursed +1 flail of Haahacic {pain, SInv}
                  | (You found it on level 7 of the Dungeon)
  5929 | D:6      | Reached XP level 9. HP: 60/72 MP: 10/14
  6005 | D:7      | Found a stormy altar of Qazlal.
  6044 | D:7      | Noticed Duvessa
  6046 | D:7      | Noticed Dowan
  6330 | D:7      | Noticed Harold
  6767 | D:7      | Killed Duvessa
  6794 | D:7      | Killed Dowan
  7039 | D:7      | Slain by Harold

Levels and vault maps discovered:
D:1:      psy_arrival_spokes, layout_basic, minmay_indecisive_spiral
D:2:      minmay_chambers_of_twos, layout_loops_ring
D:3:      layout_basic, first_ration, ebering_dispersal_statue_hall,
          hangedman_abyss_or_decor_lesser_grid, minmay_misc_feat_iff,
          trog_butcher_becter
D:4:      layout_basic, serial_shops, nicolae_shop_trees
D:5:      layout_basic, kennysheep_vampire_church, minmay_temple_entry_waves,
          uniq_sigmund
D:6:      layout_loops_cross, gammafunk_temple_overflow_statue, nrook_uturn,
          okawaru_altar_gauntlet_db
D:7:      layout_layer_cave, grunt_qazlal_clouds, gammafunk_ghost_nasty_kobolds,
          grunt_ogre_cave, uniq_duvessa, uniq_harold
Temple:   compressed_dpeg_circular_temple

Skill      XL: |  1  2  3  4  5  6  7  8  9 |
---------------+----------------------------+-----
Invocations    | 1 2 3 4 |  4.5
Long Blades    | 1 2 3 4 |  4.1
Axes           | 1 2 3 4 |  4.1
Maces & Flails | 1 2 3 4 |  4.1
Polearms       | 1 2 3 4 |  4.1
Staves         | 1 2 3 4 |  4.1
Slings         | 1 2 3 4 |  4.1
Crossbows      | 1 2 3 4 |  4.1
Throwing       | 1 2 3 4 |  4.1
Stealth        | 1 2 3 4 |  4.1
Unarmed Combat | 1 2 3 4 |  4.1
Spellcasting   | 1 2 3 4 |  4.1
Conjurations   | 1 2 3 |  3.4
Hexes          | 1 2 3 |  3.4
Charms         | 1 2 3 |  3.4
Summonings     | 1 2 3 |  3.4
Necromancy     | 1 2 3 |  3.4
Translocations | 1 2 3 |  3.4
Transmutations | 1 2 3 |  3.4
Fire Magic     | 1 2 3 |  3.4
Ice Magic      | 1 2 3 |  3.4
Air Magic      | 1 2 3 |  3.4
Earth Magic    | 1 2 3 |  3.4
Poison Magic   | 1 2 3 |  3.4
Bows           | 3 4 |  4.9
Armour         | 3 4 |  4.9
Dodging        | 3 4 |  4.9
Shields        | 3 4 |  4.9
Evocations     | 3 4 |  4.9
Short Blades   | 5 6 |  6.2
Fighting       | 7 |  7.8

Action                   |  1- 3 |  4- 6 |  7- 9 || total
-------------------------+-------+-------+-------++-------
Melee: Short sword       |    43 |    27 |       ||    70
       Bite              |    11 |    18 |    37 ||    66
       Dagger            |    68 |   213 |   304 ||   585
       Punch             |       |     1 |     4 ||     5
       Flail             |       |       |    24 ||    24
 Fire: Shortbow          |       |       |   139 ||   139
Evoke: Wand              |       |     2 |     1 ||     3
  Use: Scroll            |       |       |     2 ||     2
  Eat: Chunk             |       |     7 |    13 ||    20
Armor: Scale mail        |    56 |    90 |   210 ||   356
Dodge: Dodged            |    47 |    87 |   251 ||   385

Table legend:
 A = Non-vault XP
 B = Vault XP
 C = Vault XP percentage of total XP
 D = Non-vault monster count
 E = Vault monster count
 F = Vault count percentage of total count
                 A         B        C        D         E       F
            +---------+---------+-------+---------+---------+-------
      Total |    2589 |     714 |  21.6 |     127 |      33 |  20.6
            +---------+---------+-------+---------+---------+-------
        D:1 |      42 |       9 |  17.6 |      21 |       4 |  16.0
        D:2 |      33 |      15 |  31.2 |      11 |       8 |  42.1
        D:3 |     128 |       6 |   4.5 |      25 |       4 |  13.8
        D:4 |     273 |       0 |   0.0 |      16 |       0 |   0.0
        D:5 |     413 |     327 |  44.2 |      15 |       8 |  34.8
        D:6 |    1086 |      24 |   2.2 |      26 |       6 |  18.8
        D:7 |     566 |     333 |  37.0 |      12 |       3 |  20.0
     Temple |      48 |       0 |   0.0 |       1 |       0 |   0.0
            +---------+---------+-------+---------+---------+-------
